 Dungeon Crawl Stone Soup version 0.25-a0-464-g3004169c2b (webtiles) character file.

Game seed: 6462378451839642006, levelgen mode: deterministic

25 Erk the Scratcher (level 2, 0/12 HPs)
             Began as a Felid Transmuter on Feb 4, 2020.
             Succumbed to a goblin's poison
             ... on level 1 of the Dungeon.
             The game lasted 00:05:39 (375 turns).

Erk the Scratcher (Felid Transmuter)                 Turns: 375, Time: 00:05:39

Health: 0/12       AC:  1    Str:  6    XL:     2   Next: 82%
Magic:  3/6        EV: 18    Int: 14    God:
Gold:   28         SH:  0    Dex: 16    Spells: 2/5 levels left
                                        Lives:  0   Deaths: 0

rFire    . . .     SeeInvis +     - Unarmed
rCold    . . .     Gourm    .   (shield unavailable)
rNeg     . . .     Faith    .   (armour unavailable)
rPois    .         Spirit   .   (helmet unavailable)
rElec    .         Reflect  .   (cloak unavailable)
rCorr    .         Harm     .   (gloves unavailable)
MR       .....                  (boots unavailable)
Stlth    ++........             (no amulet)
HPRegen  0.04/turn              (no ring)
MPRegen  0.10/turn              (no ring)

@: lethally poisoned (0 -> -11), appendage, invisible, quick
A: very small, no armour, no weapons or thrown items, stealth, claws 1, fangs 3,
horns 2, see invisible, carnivore, speed 1, shaggy fur 1, slow metabolism 1,
sharp paws
a: End Transformation


You were on level 1 of the Dungeon.
You were not hungry.
You had grown temporary horns.
You visited 1 branch of the dungeon, and saw 1 of its levels.

You collected 28 gold pieces.

Inventory:

Missiles
 a - 21 arrows
Jewellery
 b - an uncursed ring of fire
 h - an uncursed amulet of magic regeneration {unknown}
Scrolls
 d - a scroll of enchant weapon {unknown}
 e - a scroll of immolation {unknown}
 j - a scroll of teleportation {unknown}
 k - a scroll of random uselessness {unknown}
Potions
 f - a potion of curing {unknown}
 g - a potion of heal wounds {unknown}
 i - a potion of invisibility
Comestibles
 c - 4 rations


   Skills:
 + Level 1.3 Fighting
 + Level 3.0 Dodging
 + Level 1.1 Stealth
 + Level 3.2 Unarmed Combat
 + Level 2.2 Spellcasting
 + Level 2.5 Transmutations


You had 2 spell levels left.
You knew the following spells:

 Your Spells              Type           Power        Failure   Level  Hunger
a - Beastly Appendage     Tmut           #.....       9%          1    #......
b - Sticks to Snakes      Tmut           #.......     12%         2    ###....

Your spell library contained the following spells:

 Spells                   Type           Power        Failure   Level  Hunger
 Spider Form              Tmut/Pois      #.........   38%         3    ###....
 Ice Form                 Ice/Tmut       #.......     80%         4    #####..
 Blade Hands              Tmut           #.........   92%         5    ######.


Dungeon Overview and Level Annotations

Branches:
Dungeon (1/15)

Altars:


Innate Abilities, Weirdness & Mutations

You cannot wear armour.
You are incapable of wielding weapons or throwing items.
Your paws allow you to move quietly. (Stealth)
You have sharp claws.
You have razor-sharp teeth.
You have supernaturally acute eyesight. (SInv)
You are carnivorous and can eat meat at any time.
You cover ground quickly.
You are covered in fur. (AC +1)
You have a slow metabolism.
Your sharp claws are effective at attacking unaware monsters.
You have a pair of horns on your head.


Message History

You scratch the goblin.
The goblin is severely wounded.
The goblin hits you with a +2 dagger of venom.
You are lethally poisoned!
You are lethally poisoned (4 -> -3).
You have grown temporary horns.
Your movement speed is quick.
Your attack speed is above average.
Unknown command.
Okay, then.
Casting: Beastly Appendage (safe; 9% risk of failure)
Confirm with . or Enter, or press ? or * to list all spells.
You create a snake!
You now have 21 arrows.
* * * LOW HITPOINT WARNING * * *
You feel sick.
The goblin hits you with a +2 dagger of venom.
* * * LOW HITPOINT WARNING * * *
Your ball python bites the goblin.
The goblin dies!
It was a potion of invisibility.
You fade into invisibility!
You die...

#.###.#####.#.....###.#
#.# #................ #.#
##.####.#.g...### #.# #)#
#..g.....# #.####.#
#..##..### #..)...#
#..##....
#.########..###.### #.#
#S)†.........#
#.####@##.#.###...###.#
#....#.##.............#
####.##.#.###.####...#####
#....##†#.# #.# #...#
#.#####.#.# #.## #...#####
#.# #.#.# #..# #........
#.# #.#.# ##.# ##..#####
#.# #.#.# #.# #..# #≈ #.#
#.#)# #.# #..# #≈


You could see a friendly ball python.

Vanquished Creatures
  2 dart slugs (D:1)
  A leopard gecko (D:1)
  A ball python (D:1)
  2 bats (D:1)
  A bat zombie (D:1)
  2 hobgoblins (D:1)
  A jackal (D:1)
  3 frilled lizards (D:1)
  A goblin (D:1)
  A kobold (D:1)
  A quokka zombie (D:1)
  3 rats (D:1)
19 creatures vanquished.

Vanquished Creatures (collateral kills)
  A goblin (D:1)
1 creature vanquished.

Grand Total: 20 creatures vanquished

Notes
Turn   | Place    | Note
-------+----------+-------------------------------------------
     0 | D:1      | Erk the Felid Transmuter began the quest for the Orb.
     0 | D:1      | Reached XP level 1. HP: 9/9 MP: 4/4
   142 | D:1      | Reached XP level 2. HP: 10/12 MP: 4/6
   151 | D:1      | Learned a level 2 spell: Sticks to Snakes
   263 | D:1      | Reached skill level 1 in Stealth
   375 | D:1      | Succumbed to a goblin's poison

Levels and vault maps discovered:
D:1:      saegor_arrival_fortress, layout_loops_ring

Skill      XL: |  1  2 |
---------------+-------+-----
Dodging        | 3 |  3.0
Stealth        | 1 |  1.1
Fighting       | |  1.3
Unarmed Combat | |  3.2
Spellcasting   | |  2.2
Transmutations | |  2.5

Action                   || total
-------------------------++-------
Melee: Unarmed           ||    45
       Headbutt          ||     4
       Bite              ||     3
 Cast: Beastly Appendage ||     8
       Sticks to Snakes  ||     1
  Use: Potion            ||     1
 Stab: Sleeping          ||     3
Armor: Skin              ||     2
Dodge: Dodged            ||    29

Table legend:
 A = Non-vault XP
 B = Vault XP
 C = Vault XP percentage of total XP
 D = Non-vault monster count
 E = Vault monster count
 F = Vault count percentage of total count
                 A         B        C        D         E       F
            +---------+---------+-------+---------+---------+-------
      Total |      33 |       3 |   8.3 |      18 |       2 |  10.0
            +---------+---------+-------+---------+---------+-------
        D:1 |      33 |       3 |   8.3 |      18 |       2 |  10.0
            +---------+---------+-------+---------+---------+-------
